 Dungeon Crawl Stone Soup version 0.25-a0-308-geac79542e2 (webtiles) character file.

Game seed: 2572388315105739714, levelgen mode: deterministic

87 DerDa the Firebug (level 4, -3/27 HPs)
             Began as an Octopode Fire Elementalist on Dec 22, 2019.
             Slain by a gnoll
             ... wielding a +0 spear
              (5 damage)
             ... on level 2 of the Dungeon.
             The game lasted 00:10:47 (1311 turns).

DerDa the Firebug (Octopode Fire Elementalist)      Turns: 1311, Time: 00:10:47

Health: -3/27      AC:  1    Str:  7    XL:     4   Next: 51%
Magic:  1/8        EV: 13    Int: 18    God:
Gold:   49         SH:  0    Dex: 12    Spells: 8/9 levels left

rFire    . . .     SeeInvis .   h - +0 short sword
rCold    . . .     Gourm    .   (no shield)
rNeg     . . .     Faith    .   (helmet restricted)
rPois    .         Spirit   .   (no amulet)
rElec    .         Reflect  .   (no ring)
rCorr    .         Harm     .   (no ring)
MR       .....                  (no ring)
Stlth    +++.......             (no ring)
HPRegen  0.09/turn              (no ring)
MPRegen  0.11/turn              (no ring)
                                (no ring)
                                (no ring)

@: no status effects
A: almost no armour, stealthy swim, amphibious, 8 rings, constrict 8, camouflage
1, gelatinous body 1
a: no special abilities


You were on level 2 of the Dungeon.
You were not hungry.

You visited 1 branch of the dungeon, and saw 2 of its levels.

You collected 49 gold pieces.

Inventory:

Hand Weapons
 g - a +0 club
 h - a +0 short sword (weapon)
Missiles
 e - 21 bolts
 f - 22 sling bullets
 o - a throwing net (quivered)
Scrolls
 d - 2 scrolls of remove curse {unknown}
 i - a scroll of immolation {unknown}
 j - 2 scrolls of identify {unknown}
 k - a scroll of fear {unknown}
 l - a scroll of teleportation {unknown}
Potions
 a - a potion of brilliance {unknown}
 m - a potion of heal wounds {unknown}
 n - a potion of magic {unknown}
Comestibles
 b - 2 rations
 c - 2 chunks of flesh


   Skills:
 - Level 2.0 Dodging
 - Level 2.6 Stealth
 * Level 3.3 Spellcasting
 + Level 2.1 Conjurations
 + Level 3.6 Fire Magic


You had 8 spell levels left.
You knew the following spells:

 Your Spells              Type           Power        Failure   Level  Hunger
a - Foxfire               Conj/Fire      ##..         4%          1    None

Your spell library contained the following spells:

 Spells                   Type           Power        Failure   Level  Hunger
 Conjure Flame            Conj/Fire      ##......     14%         3    ###....
 Inner Flame              Hex/Fire       #.......     22%         3    ###....
 Sticky Flame             Conj/Fire      ##......     43%         4    ####...
 Fireball                 Conj/Fire      ##........   80%         5    ######.


Dungeon Overview and Level Annotations

Branches:
Dungeon (2/15)

Altars:
Gozag
Nemelex Xobeh
Wu Jian


Innate Abilities, Weirdness & Mutations

You cannot wear most types of armour.
You are very stealthy in the water. (Stealth+)
You are amphibious.
You can wear up to eight rings at the same time.
You can use your tentacles to constrict eight enemies at once.
Your skin changes colour to match your surroundings (Stealth+).
Your rubbery body absorbs attacks. (AC +1, EV +1)


Message History

The gnoll barely misses you.
Casting: Foxfire (safe; 4% risk of failure)
Confirm with . or Enter, or press ? or * to list all spells.
You conjure some foxfire!
The foxfire hits the gnoll.
The gnoll is almost dead.
The foxfire hits the gnoll.
You kill the gnoll!
The gnoll closely misses you.
The gnoll hits you from afar with a +0 spear.
* * * LOW HITPOINT WARNING * * *
Casting: Foxfire (safe; 4% risk of failure)
Confirm with . or Enter, or press ? or * to list all spells.
You conjure some foxfire!
The foxfire hits the gnoll but does no damage.
The gnoll is heavily wounded.
The foxfire hits the gnoll.
The gnoll is severely wounded.
The gnoll hits you but does no damage.
The gnoll hits you from afar with a +0 spear.
You die...

#####.####.....P..#
....#.####........#
#.._....##.....#..#
......#.##.....##.##
#.......#####.###..#
........[..>.......##
.#...8........####..#
.#.......#########.รท#
.#......## #..v@(#..#
.......... +...v.+..#
.#........ #...gg##..#
##........ #.....# ..#
.....<.... #.....# ..#
..#....... #.....# ...
.##....... #.....#
...# ..........
#.....# ...#######


You could see 2 gnolls.

Vanquished Creatures
  A gnoll (D:2)
  An adder (D:2)
  An ooze (D:1)
  An adder zombie (D:2)
  An adder skeleton (D:2)
  4 dart slugs
  5 bats (D:1)
  A bat skeleton (D:2)
  4 bat zombies (D:2)
  5 goblins
  8 hobgoblins
  4 kobolds
  A ball python skeleton (D:2)
  A ball python zombie (D:2)
  A frilled lizard (D:1)
  A giant cockroach zombie (D:2)
  A jackal skeleton (D:2)
  2 leopard gecko skeletons (D:2)
  A quokka skeleton (D:2)
  7 rats
51 creatures vanquished.

Vanquished Creatures (others)
  107 foxfires
107 creatures vanquished.

Grand Total: 158 creatures vanquished

Notes
Turn   | Place    | Note
-------+----------+-------------------------------------------
     0 | D:1      | DerDa the Octopode Fire Elementalist began the quest for
                  | the Orb.
     0 | D:1      | Reached XP level 1. HP: 11/11 MP: 3/3
   121 | D:1      | Reached XP level 2. HP: 13/17 MP: 1/5
   403 | D:1      | Reached XP level 3. HP: 21/21 MP: 3/6
   709 | D:2      | Found an opulent altar of Gozag.
   738 | D:2      | Found a sparkling altar of Nemelex Xobeh.
   804 | D:2      | Found an ornate altar of the Wu Jian Council.
   904 | D:2      | Reached XP level 4. HP: 16/27 MP: 8/8
  1311 | D:2      | Slain by a gnoll

Levels and vault maps discovered:
D:1:      wheals_arrival_shading, layout_basic
D:2:      layout_basic, overflow_temple_1_default, nicolae_gozag_seed_capital,
          serial_undead, serial_undead_a, serial_undead_f, serial_undead_b,
          serial_undead_f, serial_undead_f, serial_undead_d, serial_undead_f,
          serial_undead_a, serial_undead_f, serial_undead_a,
          nemelex_altar_shiori

Skill      XL: |  1  2  3 |
---------------+----------+-----
Spellcasting   | 3 |  3.3
Conjurations   | 2 |  2.1
Dodging        | |  2.0
Stealth        | |  2.6
Fire Magic     | |  3.6

Action                   |  1- 3 |  4- 6 || total
-------------------------+-------+-------++-------
Melee: Unarmed           |     8 |       ||     8
       Constrict         |    14 |     4 ||    18
       Tentacles         |     5 |     2 ||     7
       Short sword       |    33 |    18 ||    51
 Cast: Foxfire           |    38 |    20 ||    58
 Stab: Sleeping          |     4 |       ||     4
  Eat: Chunk             |       |     1 ||     1
Armor: Skin              |     9 |     5 ||    14
Dodge: Dodged            |    31 |    31 ||    62

Table legend:
 A = Non-vault XP
 B = Vault XP
 C = Vault XP percentage of total XP
 D = Non-vault monster count
 E = Vault monster count
 F = Vault count percentage of total count
                 A         B        C        D         E       F
            +---------+---------+-------+---------+---------+-------
      Total |      97 |      28 |  22.4 |      37 |      14 |  27.5
            +---------+---------+-------+---------+---------+-------
        D:1 |      50 |       0 |   0.0 |      26 |       0 |   0.0
        D:2 |      47 |      28 |  37.3 |      11 |      14 |  56.0
            +---------+---------+-------+---------+---------+-------
